 Dungeon Crawl Stone Soup version 0.27-a0-1065-ge809cff456 (webtiles) character file.

Game seed: 16833328535607015372

68 Nosferatu13666 the Sneak (level 4, -7/23 HPs)
             Began as a Spriggan Brigand on Apr 22, 2021.
             Killed from afar by an orc wizard (8 damage)
             ... with a magic dart
             ... on level 2 of the Dungeon.
             The game lasted 00:07:15 (2491 turns).

Nosferatu13666 the Sneak (Spriggan Brigand)         Turns: 2491, Time: 00:07:16

Health: -7/23      AC:  3    Str:  7    XL:     4   Next: 1%
Magic:  5/5        EV: 16    Int: 12    God:
Gold:   69         SH:  0    Dex: 17    Spells: 3/3 levels left

rFire    . . .     SeeInvis +   a - +3 dagger
rCold    . . .     Faith    .   (shield restricted)
rNeg     . . .     Spirit   .   b - +0 robe
rPois    .         Reflect  .   (helmet restricted)
rElec    .         Harm     .   c - +0 cloak
rCorr    .         Rampage  .   (gloves unavailable)
Will     .....                  (boots unavailable)
Stlth    ++++......             (no amulet)
HPRegen  0.07/turn              (no ring)
MPRegen  0.09/turn              (no ring)

@: very quick
A: very small, no large weapons, unfitting armour, see invisible, speed 3
a: no special abilities


You were on level 2 of the Dungeon.
You visited 1 branch of the dungeon, and saw 2 of its levels.

You collected 69 gold pieces.

Inventory:

Hand Weapons
 a - a +3 dagger (weapon)
Armour
 b - a +0 robe (worn)
 c - a +0 cloak (worn)
Scrolls
 f - a scroll of identify {unknown}
 g - a scroll of immolation {unknown}
 h - a scroll of brand weapon {unknown}


   Skills:
 + Level 1.8 Fighting
 + Level 2.9 Short Blades
 + Level 2.5 Throwing
 + Level 1.5 Dodging
 + Level 7.2 Stealth


You had 3 spell levels left.
You didn't know any spells.
Your spell library contained the following spells:

 Spells                   Type           Power      Damage    Failure   Level
 Animate Skeleton         Necr           0%         N/A       32%         1
 Pain                     Necr           0%         1d4       32%         1
 Vampiric Draining        Necr           0%         2d6       69%         3
 Animate Dead             Necr           0%         N/A       97%         4
 Agony                    Necr           0%         N/A       100%        5


Dungeon Overview and Level Annotations

Branches:
Dungeon (2/15)

Altars:


Innate Abilities, Weirdness & Mutations

You are very small and have problems with some larger weapons.
You are too small for most types of armour.
You have supernaturally acute eyesight. (SInv)
You cover ground extremely quickly. (Speed+++)


Message History

Press: ? - help, Q - select action Shift-Dir - straight line, f/p - orc wizard
Aim: an orc wizard, wielding a +0 dagger and wearing a +0 robe (slightly transparent, 53% to hit)
You throw a poisoned dart. The poisoned dart hits the orc wizard.
The orc wizard is poisoned.
You hit the orc wizard.
The orc wizard is moderately wounded.
The orc wizard completely misses you.
You barely miss the orc wizard.
The orc wizard is moderately wounded.
The orc wizard closely misses you.
You completely miss the orc wizard.
The orc wizard is moderately wounded.
The orc wizard hits you with a +0 dagger.
You hit the orc wizard but do no damage.
The orc wizard is moderately wounded.
The orc wizard gestures at you while chanting.
The magic dart hits you.
You hit the orc wizard.
The orc wizard is heavily wounded.
The orc wizard hits you with a +0 dagger.
Throw: dart (poison)
Press: ? - help, Q - select action Shift-Dir - straight line, f/p - orc wizard
Aim: an orc wizard, wielding a +0 dagger and wearing a +0 robe (heavily wounded, slightly transparent, poisoned, 53% to hit)
You throw a poisoned dart. The poisoned dart hits the orc wizard.
The orc wizard looks even sicker.
The orc wizard is heavily wounded.
The orc wizard hits you but does no damage.
You hit the orc wizard.
The orc wizard is severely wounded.
The orc wizard drinks a potion.
The orc wizard is healed!
The orc wizard looks more healthy.
You hit the orc wizard.
The orc wizard is moderately wounded.
The orc wizard casts a spell at you. The magic dart hits you!
* * * LOW HITPOINT WARNING * * *
You see here a poisoned dart.
The orc wizard casts a spell at you. The magic dart hits you!
You die...

##.......#.# #............#
.........#.###.............
#........>................
#.......#.###.............
#.......#.###......(......
######'##...+.....o.......
#......#.###.............
#.######.# #.............
#.#.##.#@###......(......
#.#....#.#.(.............
#.#.##[#.#†##############
#.#.##.#.#(# #
########†#.##.#.#.# #
#........#.##.#.#o# #
#.########....#.#.# #
#.####
#..###o#.##############
#....# #..#
#.(...............


You could see an orc wizard (invisible).

Vanquished Creatures
  3 gnolls (D:2)
  A worm (D:2)
  An orc (D:2)
  4 bats
  3 endoplasms
  3 goblins (D:1)
  5 hobgoblins
  A kobold (D:2)
  3 quokkas (D:2)
  5 ball pythons
  2 frilled lizards (D:2)
  5 rats
36 creatures vanquished.

Vanquished Creatures (others)
  2 withered plants (D:2)
2 creatures vanquished.

Grand Total: 38 creatures vanquished

Notes
Turn   | Place    | Note
-------+----------+-------------------------------------------
     0 | D:1      | Nosferatu13666 the Spriggan Brigand began the quest for the
                  | Orb.
     0 | D:1      | Reached XP level 1. HP: 10/10 MP: 2/2
   395 | D:1      | Reached skill level 6 in Stealth
   426 | D:1      | Reached XP level 2. HP: 15/15 MP: 3/3
  1381 | D:2      | Found a faded altar of an unknown god.
  1763 | D:2      | Reached XP level 3. HP: 18/18 MP: 4/4
  1772 | D:2      | Reached skill level 7 in Stealth
  2411 | D:2      | Reached XP level 4. HP: 18/23 MP: 5/5
  2483 | D:2      | HP: 1/23 [orc wizard/magic dart (9)]
  2491 | D:2      | Killed from afar by an orc wizard

Illustrated notes

Levels and vault maps discovered:
D:1:      scummos_arrival_simple_crosswalls, layout_basic
D:2:      layout_basic, ebering_ecumenical_altar_petrified

Skill      XL: |  1  2  3 |
---------------+----------+-----
Stealth        | 6 7 |  7.2
Fighting       | |  1.8
Short Blades   | |  2.9
Throwing       | |  2.5
Dodging        | |  1.5

Action                   |  1- 3 |  4- 6 || total
-------------------------+-------+-------++-------
Melee: Dagger            |    47 |     7 ||    54
Throw: Dart              |    46 |     7 ||    53
  Use: Scroll            |     1 |       ||     1
 Stab: Sleeping          |     8 |       ||     8
Armor: Robe              |     4 |     2 ||     6
Dodge: Dodged            |    21 |     4 ||    25

Table legend: (Time is in decaauts)
 A = Elapsed time spent in this place.
 B = Non-inter-level travel time spent in this place.
 C = Inter-level travel time spent in this place.
 D = Time resting spent in this place.
 E = Time spent auto-exploring this place.
 F = Levels seen in this place.
 G = Mean time per level.
                   A        B        C        D        E       F      G
               +--------+--------+--------+--------+--------+-----+--------+
         Total |   1802 |   1789 |     13 |    165 |   1244 |   2 |  901.0 |
       Dungeon |   1802 |   1789 |     13 |    165 |   1244 |   2 |  901.0 |
               +--------+--------+--------+--------+--------+-----+--------+

Top non-repeatable levels by time:
     D:2: 1038 daAuts
     D:1: 764 daAuts
